 Dungeon Crawl Stone Soup version 0.31.0-32-g396128a36d (webtiles) character file.

Game seed: 13085012739503580912

2820 Alphaeus the Grappler (level 9, -5/61 HPs)
             Began as an Octopode Shapeshifter on Mar 19, 2024.
             Was an Initiate of Gozag.
             Slain by a yak (12 damage)
             ... on level 7 of the Dungeon.
             The game lasted 00:06:51 (6945 turns).

Alphaeus the Grappler (Octopode Shapeshifter)       Turns: 6945, Time: 00:06:51

Health: -5/61      AC:  1    Str: 17    XL:     9   Next: 73%
Magic:  9/9        EV: 15    Int: 13    God:    Gozag
Gold:   659        SH:  0    Dex: 11    Spells: 8/8 levels left

rFire   . .          .
                       - Unarmed
rCold   . . .        (no shield)
rNeg    . . .        (helmet currently unavailable)
rPois   .            (no amulet)
rElec   +            n - ring of resist corrosion
rCorr   +            w - ring of the Exiled Knaves {rElec Will+ Stlth+}
SInv    .            (no ring)
Will    ++...        (no ring)
Stlth   +++          (no ring)
HPRegen 0.30/turn    (no ring)
MPRegen 0.11/turn    (no ring)
                     (no ring)

%: no passive effects
@: beast-form, enlightened, flying, studying Dodging
A: beast (slay +4), almost no armour, amphibious, 8 rings, camouflage 1,
gelatinous body 1, (nimble swimmer 1), tentacles
a: Begin Untransformation, Renounce Religion, Potion Petition, Call Merchant,
Bribe Branch


You were on level 7 of the Dungeon.
You worshipped Gozag.
Gozag was pleased with you.
You were a hulking beast.
You visited 2 branches of the dungeon, and saw 9 of its levels.

You collected 768 gold pieces.
You paid 109 gold pieces to Gozag.

Inventory:

Missiles
 v - a throwing net (quivered)
Jewellery
 n - a ring of resist corrosion (left tentacle)
 w - the ring of the Exiled Knaves (right tentacle) {rElec Will+ Stlth+}
   (You found it on level 5 of the Dungeon)

   [ring of willpower]

   rElec:     It insulates you from electricity.
   Will+:     It increases your willpower.
   Stlth+:    It makes you more stealthy.
Talismans
 b - a beast talisman
 c - a flux talisman
 j - a maw talisman
Wands
 t - a wand of mindburst (12)
Scrolls
 d - a scroll of revelation
 f - 3 scrolls of teleportation
 l - a scroll of torment
 m - 2 scrolls of identify
 r - 2 scrolls of immolation
 s - a scroll of enchant weapon
 y - a scroll of fear
 C - 2 scrolls of fog
 D - a scroll of blinking {unknown}
Potions
 a - 5 potions of lignification
 e - a potion of invisibility
 g - a potion of magic
 h - a potion of curing
 p - a potion of haste
 u - 2 potions of mutation
 z - 3 potions of cancellation


   Skills:
 + Level 5.1 Fighting
 + Level 6.1 Dodging
 * Level 8.3 Unarmed Combat
 * Level 7.6 Shapeshifting


You had 8 spell levels left.
You didn't know any spells.
Your spell library contained the following spells:

 Spells                   Type           Power      Damage    Failure   Level
 Ensorcelled Hibernation  Hex/Ice        0%         N/A       43%         2
 Fugue of the Fallen      Necr           0%         N/A       67%         3
 Anguish                  Hex/Necr       0%         N/A       97%         4
 Ignite Poison            Fire/Alch      0%         N/A       97%         4
 Sticky Flame             Fire/Alch      0%         2d4       97%         4
 Ignition                 Fire           0%         3d3       100%        8


Dungeon Overview and Level Annotations

Branches:
Dungeon (8/15)             Temple (1/1) D:5
   Lair: D:8-11

Altars:
Ashenzari
Cheibriados
Dithmenos
Fedhas
Gozag
Hepliaklqana
Kikubaaqudgha
Makhleb
Nemelex Xobeh
Okawaru
Qazlal
Ru
Sif Muna
Uskayaw
Wu Jian
Xom
Yredelemnul
Zin
The Shining One

Shops:
D:3 [


Innate Abilities, Weirdness & Mutations

You are a hulking beast.
Your limbs bulge with bestial killing power. (Slay +4)
You cannot wear most types of armour.
You are amphibious.
You can wear up to eight rings at the same time.
Your skin changes colour to match your surroundings (Stealth+).
Your rubbery body absorbs attacks. (AC +1, EV +1)
((You are camouflaged when in or above water. (Stealth+)))
You have tentacles for arms and can constrict up to eight enemies at once.


Message History

* * * LOW HITPOINT WARNING * * *
You feel much better. The yak misses you.
You tentacle-slap the yak. Your squeeze misses the yak.
The yak is severely wounded.
The yak gores you.
You barely miss the yak. You squeeze the yak.
The yak is almost dead.
The yak is distracted by your dazzling golden aura.
You bludgeon the yak!
You kill the yak!
Your Dodging skill increases to level 6!
You now have 621 gold pieces (gained 4).
You now have 659 gold pieces (gained 38).
There is a stone staircase leading down, spattered with blood here.
You start resting.
HP restored.
You climb downwards.
The yak gores you! The yak barely misses you.
There is a stone staircase leading up, spattered with blood here.
The yak gores you. The yak closely misses you.
You climb upwards.
There is a stone staircase leading down, spattered with blood here.
You bludgeon the yak!
Your tentacle-slap misses the yak.
The yak is moderately wounded.
The yak gores you! x2
You bludgeon the yak!
The yak is heavily wounded.
The yak gores you.
* * * LOW HITPOINT WARNING * * *
The yak barely misses you.
You tentacle-slap the yak. You squeeze the yak!
The yak is almost dead.
The yak gores you.
* * * LOW HITPOINT WARNING * * *
The yak closely misses you.
You feel very buoyant.
You fly up into the air.
The yak gores you.
* * * LOW HITPOINT WARNING * * *
The yak gores you!
You die...
Your body crumbles into a pile of gold.

#### #.#
...#######.#
...........#
...##......#
...##......#
...##......##
...##.......#
.####.......######
...............Yh#
...##.......####Y#
...##.......# #.#
...#####.#.## #.#
...# #.#.# #.#
...#####.#.# #.#
.......#.#.# #.#
.......#.#.# #.#
.......#.#.# ##.#


You could see 2 yaks.

Vanquished Creatures
  6 yaks
  A steam dragon (D:7)
  Menkaure (D:5)
  2 water moccasins (D:7)
  An acid dragon (D:6)
  3 ogres
  A centaur (D:6)
  A bullfrog (D:7)
  3 scorpions
  4 killer bees (D:7)
  A howler monkey (D:5)
  5 hounds
  An orc priest (D:6)
  3 sleepcaps
  4 iguanas
  11 gnolls
  7 adders
  2 white imps
  2 dart slugs
  2 ribbon worms
  8 orcs
  13 ball pythons
  5 endoplasms
  3 giant cockroaches
  6 goblins
  10 hobgoblins
  10 kobolds
  3 quokkas
  4 bats
  4 frilled lizards
  5 rats
132 creatures vanquished.

Notes
Turn   | Place    | Note
-------+----------+-------------------------------------------
     0 | D:1      | Alphaeus the Octopode Shapeshifter began the quest for the
                  | Orb.
     0 | D:1      | Reached XP level 1. HP: 13/13 MP: 1/1
   164 | D:1      | Reached XP level 2. HP: 13/18 MP: 2/2
   619 | D:1      | Reached XP level 3. HP: 23/23 MP: 3/3
  1186 | D:2      | Reached XP level 4. HP: 28/28 MP: 4/4
  1680 | D:3      | Found Ryohen's Antique Armour Shoppe.
  1750 | D:3      | Reached skill level 4 in Unarmed Combat
  2327 | D:4      | Reached XP level 5. HP: 33/34 MP: 5/5
  2678 | D:4      | Noticed an ogre
  2686 | D:4      | Killed an ogre
  2687 | D:4      | Reached XP level 6. HP: 12/39 MP: 6/6
  2975 | D:5      | Entered Level 5 of the Dungeon
  2990 | D:5      | Reached skill level 5 in Unarmed Combat
  3119 | D:5      | Identified the ring of the Exiled Knaves {rElec Will+
                  | Stlth+}
  3141 | D:5      | Reached XP level 7. HP: 26/45 MP: 7/7
  3386 | D:5      | Found a staircase to the Ecumenical Temple.
  3394 | D:5      | Noticed a +0 falchion
  3394 | D:5      | Noticed a +0 spear
  3395 | D:5      | Noticed a +0 spear
  3395 | D:5      | Noticed a +0 falchion
  3396 | D:5      | Noticed a +0 dagger
  3396 | D:5      | Noticed a +0 dagger
  3396 | D:5      | Noticed a +0 short sword
  3396 | D:5      | Noticed a +0 short sword
  3408 | Temple   | Entered the Ecumenical Temple
  3486 | D:5      | Reached skill level 5 in Shapeshifting
  3542 | D:5      | Noticed Menkaure
  3548 | D:5      | Killed Menkaure
  3648 | D:5      | Found a hide-covered altar of Uskayaw.
  3831 | D:5      | Found a shadowy altar of Dithmenos.
  3954 | D:5      | Found an ancient bone altar of Kikubaaqudgha.
  3962 | D:5      | Found an ornate altar of the Wu Jian Council.
  3967 | D:5      | Found a shimmering blue altar of Sif Muna.
  3974 | D:5      | Found a basalt altar of Yredelemnul.
  3979 | D:5      | Found a blossoming altar of Fedhas.
  3990 | D:5      | Found a glowing golden altar of the Shining One.
  3997 | D:5      | Found an opulent altar of Gozag.
  4001 | D:5      | Became a worshipper of Gozag Ym Sagoz the Greedy
  4384 | D:6      | Noticed a yak
  4385 | D:6      | Noticed a yak
  4385 | D:6      | Noticed a yak
  4385 | D:6      | Noticed a yak
  4408 | D:6      | Killed a yak
  4409 | D:6      | Reached skill level 6 in Unarmed Combat
  4409 | D:6      | Reached XP level 8. HP: 17/52 MP: 8/8
  4414 | D:6      | Killed a yak
  4419 | D:6      | Killed a yak
  4423 | D:6      | Killed a yak
  4751 | D:6      | Reached skill level 7 in Unarmed Combat
  5084 | D:6      | Reached XP level 9. HP: 38/59 MP: 9/9
  5755 | D:7      | Reached skill level 5 in Dodging
  5910 | D:7      | HP: 1/59 [something/ball of steam (20)]
  6279 | D:7      | Found a hazy altar of Hepliaklqana.
  6279 | D:7      | Found a stormy altar of Qazlal.
  6478 | D:7      | Reached skill level 8 in Unarmed Combat
  6631 | D:7      | Identified a scroll of acquirement
  6631 | D:7      | Acquired a manual of Dodging
  6749 | D:7      | Reached skill level 5 in Fighting
  6814 | D:7      | HP: 1/61 [yak (15)]
  6945 | D:7      | Slain by a yak

Illustrated notes

Levels and vault maps discovered:
D:1:      lightli_iron_boxes, layout_basic, st_stairs_11, serial_park_tiny_pond
D:2:      minmay_general_purpose_star, layout_basic, st_stairs_7
D:3:      layout_loops_ring, serial_shops, nicolae_shop_getting_attention,
          minmay_starry_boxes
D:4:      layout_rooms, minivault_4, minivault_11, cheibrodos_gnoll_hut
D:5:      layout_basic, nicolae_uskayaw_en_pointe,
          grunt_temple_overflow_octagram, mainiacjoe_overflow_six_doors_small,
          minmay_temple_entry_sparse_star, grunt_decor_mini_mirrors,
          minmay_fractal_squares_5, uniq_menkaure
D:6:      layout_basic
D:7:      layout_basic, gammafunk_temple_overflow_elements
D:8:      layout_layer_cave, grunt_temple_overflow_diamond, serial_shops,
          kennysheep_mini
Temple:   nicolae_temple_ecumenical_triangle

Skill      XL: |  1  2  3  4  5  6  7  8  9 |
---------------+----------------------------+-----
Unarmed Combat | 4 5 6 7 8 |  8.3
Fighting       | 2 3 4 5 |  5.1
Shapeshifting  | 4 5 6 7 |  7.6
Dodging        | 3 4 6 |  6.1

Action                     |  1- 3 |  4- 6 |  7- 9 || total
---------------------------+-------+-------+-------++-------
  Melee: Unarmed           |    67 |   100 |   155 ||   322
         Constrict         |    18 |    26 |    29 ||    73
         Tentacles         |    18 |    14 |    39 ||    71
         Punch             |     4 |     5 |     7 ||    16
    Use: Potion            |       |       |     7 ||     7
         Scroll            |       |       |    19 ||    19
   Stab: Sleeping          |     6 |     8 |     7 ||    21
         Invisible         |       |       |     2 ||     2
 Armour: Skin              |    24 |    37 |    95 ||   156
  Dodge: Dodged            |    37 |    57 |   103 ||   197
